 Dungeon Crawl Stone Soup version 0.27-a0-819-g058290f16d (webtiles) character file.

Game seed: 5267418468455877821

14 polve the Skirmisher (level 2, -1/24 HPs)
             Began as a Demonspawn Abyssal Knight on Mar 29, 2021.
             Was a Follower of Lugonu.
             Succumbed to a kobold's poison
             ... on level 1 of the Dungeon.
             The game lasted 00:00:36 (670 turns).

polve the Skirmisher (Demonspawn Abyssal Knight)     Turns: 670, Time: 00:00:37

Health: -1/24      AC:  6    Str: 12    XL:     2   Next: 31%
Magic:  3/3        EV:  8    Int: 13    God:    Lugonu [*.....]
Gold:   48         SH:  0    Dex:  8    Spells: 1/1 levels left

rFire    . . .     SeeInvis .   a - +1 falchion
rCold    . . .     Faith    .   (no shield)
rNeg     . . .     Spirit   .   f - +0 scale mail
rPois    .         Reflect  .   (no helmet)
rElec    .         Harm     .   (no cloak)
rCorr    .         Rampage  .   (no gloves)
Will     .....                  (no boots)
Stlth    ..........             (no amulet)
HPRegen  0.08/turn              (no ring)
MPRegen  0.08/turn              (no ring)

@: lethally poisoned (-1 -> -24)
A: hooves 1, [clumsy 2]
a: Renounce Religion, Depart the Abyss


You were on level 1 of the Dungeon.
You worshipped Lugonu.
Lugonu was aware of your devotion.
You visited 1 branch of the dungeon, and saw 1 of its levels.
You visited the Abyss 1 time.

You collected 48 gold pieces.

Inventory:

Hand Weapons
 a - a +1 falchion (weapon)
Armour
 f - a +0 scale mail (worn)
Wands
 d - a wand of digging (5)
Scrolls
 c - 3 scrolls of teleportation {unknown}
 e - a scroll of amnesia {unknown}


   Skills:
 - Level 3.0 Fighting
 + Level 2.7 Long Blades
 - Level 1.7 Armour
 - Level 0.8 Dodging
 - Level 2.4 Invocations


You had one spell level left.
You didn't know any spells.
Your spell library was empty.

Dungeon Overview and Level Annotations

Branches:
Dungeon (1/15)

Altars:


Innate Abilities, Weirdness & Mutations

You have large cloven feet.
[You are very clumsy. (Dex -4)]


Message History

You finish taking off your +0 leather armour.
You start putting on your armour.
You continue putting on your +0 scale mail. x5
You finish putting on your +0 scale mail.
Drop what? 6/52 slots (_ for help) (? for menu, Esc to quit)
You drop a +0 leather armour.
Items here: ††††.
c - 3 scrolls labelled ISAIGA RUOM (gained 1)
A kobold comes into view. It is wielding a +0 whip of venom.
The kobold shouts!
A kobold is nearby!
A kobold is nearby!
The kobold hits you with a +0 whip of venom.
You hit the kobold but do no damage. Your kick misses the kobold.
The kobold hits you but does no damage.
You are poisoned.
The kobold hits you but does no damage.
You are more poisoned.
You closely miss the kobold.
You feel very sick. The kobold hits you but does no damage.
You are lethally poisoned!
You are too injured to fight recklessly!
You are too injured to fight recklessly!
There is a lethal amount of poison in your body!
There is a lethal amount of poison in your body!
You closely miss the kobold.
You feel very sick.
The kobold hits you with a +0 whip of venom.
You are more poisoned.
You barely miss the kobold.
* * * LOW HITPOINT WARNING * * *
You feel very sick. The kobold barely misses you.
You riposte.
You hit the kobold.
The kobold is severely wounded.
You aren't carrying any potions.
You hit the kobold.
You kill the kobold!
Lugonu accepts your kill.
You die...

..........) #..........#.
#............ #..........#
######..........#
..........#...#.#.###
......##..#..........
.....#..#).?#.#$# #
........@...#.#.##..
#..######..#......#.#...
...........#......#.#.##.##
#...........#.......
###..#........#.# .# #
#..#......#.#.##.####
...#.####..#...####..........
.........................###
..#..#...............########


There were no monsters in sight!

Vanquished Creatures
  An endoplasm (D:1)
  A giant cockroach (D:1)
  2 hobgoblins (D:1)
  4 jackals (D:1)
  3 ball pythons (D:1)
  A frilled lizard (D:1)
  A kobold (D:1)
13 creatures vanquished.

Notes
Turn   | Place    | Note
-------+----------+-------------------------------------------
     0 | Abyss:1  | polve the Demonspawn Abyssal Knight began the quest for the
                  | Orb.
     0 | Abyss:1  | Reached XP level 1. HP: 18/18 MP: 2/2
    42 | Abyss:1  | Noticed a large abomination
    83 | Abyss:2  | Noticed a wretched star
    89 | D:1      | Escaped the Abyss
   286 | D:1      | Reached * piety under Lugonu
   469 | D:1      | Gained mutation: You have large cloven feet. [demonic
                  | ancestry]
   469 | D:1      | Reached XP level 2. HP: 19/24 MP: 3/3
   670 | D:1      | Succumbed to a kobold's poison

Illustrated notes

Levels and vault maps discovered:
D:1:      minmay_arrival_split_and_join, layout_basic, serial_park_tiny_1

Skill      XL: |  1 |
---------------+----+-----
Long Blades    | 2 |  2.7
Fighting       | |  3.0
Armour         | |  1.7
Dodging        | |  0.8
Invocations    | |  2.4

Action                   || total
-------------------------++-------
Melee: Falchion          ||    43
       Kick              ||     2
Invok: Depart the Abyss  ||     1
Armor: Leather armour    ||    14
       Scale mail        ||     3
Dodge: Dodged            ||    33
       Rpst.: Falchion   ||     8

Table legend: (Time is in decaauts)
 A = Elapsed time spent in this place.
 B = Non-inter-level travel time spent in this place.
 C = Inter-level travel time spent in this place.
 D = Time resting spent in this place.
 E = Time spent auto-exploring this place.
 F = Levels seen in this place.
 G = Mean time per level.
                   A        B        C        D        E       F      G
               +--------+--------+--------+--------+--------+-----+--------+
         Total |    677 |    677 |      0 |      0 |    535 |   3 |  225.7 |
       Dungeon |    588 |    588 |      0 |      0 |    482 |   1 |  588.0 |
         Abyss |     88 |     88 |      0 |      0 |     53 |   2 |   44.0 |
               +--------+--------+--------+--------+--------+-----+--------+

Top non-repeatable levels by time:
     D:1: 588 daAuts
 Abyss:1: 50 daAuts
 Abyss:2: 38 daAuts
